 Seeded DCSS version 0.29-a0-380-gf50f0a9fbc (webtiles) character file.

Game seed: 21 (custom seed)

6 joe1234567 the Caller (level 1, -1/10 HPs)
             Began as a Tengu Summoner on May 5, 2022.
             Slain by a giant cockroach (2 damage)
             ... on level 1 of the Dungeon.
             The game lasted 00:01:07 (244 turns).

joe1234567 the Caller (Tengu Summoner)               Turns: 244, Time: 00:01:07

Health: -1/10      AC:  2    Str:  8    XL:     1   Next: 90%
Magic:  4/4        EV: 12    Int: 15    God:
Gold:   19         SH:  0    Dex: 14    Spells: 3/4 levels left

rFire   . . .      SeeInvis .   (no weapon)
rCold   . . .      Faith    .   (no shield)
rNeg    . . .      Spirit   .   a - +0 robe
rPois   .          Reflect  .   (helmet restricted)
rElec   .          Harm     .   (no cloak)
rCorr   .          Rampage  .   (no gloves)
Will    .....                   (boots unavailable)
Stlth   ++........              (no amulet)
HPRegen 0.03/turn               (no ring)
MPRegen 0.09/turn               (no ring)

@: no status effects
A: beak, talons 3
a: no special abilities


You were on level 1 of the Dungeon.
You visited 1 branch of the dungeon, and saw 1 of its levels.

You collected 19 gold pieces.

Inventory:

Armour
 a - a +0 robe (worn)
Potions
 b - a potion of magic
 c - a potion of cancellation {unknown}


   Skills:
 + Level 2.2 Dodging
 + Level 2.0 Stealth
 + Level 2.1 Spellcasting
 + Level 5.1 Summonings


You had 3 spell levels left.
You knew the following spells:

 Your Spells              Type           Power      Damage    Failure   Level
a - Summon Small Mammal   Summ           68%        N/A       2%          1

Your spell library contained the following spells:

 Spells                   Type           Power      Damage    Failure   Level
 Call Imp                 Summ           17%        N/A       4%          2
 Call Canine Familiar     Summ           17%        N/A       8%          3
 Summon Guardian Golem    Hex/Summ       9%         N/A       22%         3
 Summon Lightning Spire   Summ/Air       9%         N/A       58%         4


Dungeon Overview and Level Annotations

Branches:
Dungeon (1/15)

Altars:


Innate Abilities, Weirdness & Mutations

You have a beak for a mouth.
You have claws for feet.


Message History

The giant cockroach attacks as you move away!
The giant cockroach barely misses you.
The giant cockroach waves its antennae.
The giant cockroach attacks as you move away!
The giant cockroach bites you but does no damage.
The giant cockroach attacks as you move away!
The giant cockroach barely misses you. The giant cockroach bites you.
* * * LOW HITPOINT WARNING * * *
Found a scroll labelled POFIEGU KIUQ.
The giant cockroach attacks as you move away!
The giant cockroach misses you.
A kobold comes into view. It is wielding a +0 short sword.
The giant cockroach closely misses you.
The giant cockroach attacks as you move away!
The giant cockroach misses you.
A frilled lizard comes into view.
The frilled lizard hisses angrily.
The kobold shouts!
You hit the kobold. You claw the kobold.
You kill the kobold!
The giant cockroach bites you but does no damage.
The giant cockroach closely misses you.
The frilled lizard bites you but does no damage.
Things that are here:
a +0 short sword; 3 stones; a kobold corpse You hit the frilled lizard.
You kill the frilled lizard!
The giant cockroach closely misses you.
You see here a frilled lizard corpse.
The giant cockroach bites you.
* * * LOW HITPOINT WARNING * * *
You are too injured to fight recklessly!
The giant cockroach barely misses you. x2
The giant cockroach misses you.
The giant cockroach attacks as you move away!
The giant cockroach closely misses you.
The giant cockroach attacks as you move away!
The giant cockroach bites you.
You die...

#.#
#.#
.#
#.#
#.
#)#
..
#†##.
#.#..
#.#.#
#.#.#
#.#@#
#.#B#
#...#
#####


You could see a giant cockroach.

Vanquished Creatures
  A ball python (D:1)
  2 frilled lizards (D:1)
  A kobold (D:1)
4 creatures vanquished.

Vanquished Creatures (collateral kills)
  2 endoplasms (D:1)
  A frilled lizard (D:1)
3 creatures vanquished.

Grand Total: 7 creatures vanquished

Notes
Turn   | Place    | Note
-------+----------+-------------------------------------------
     0 | D:1      | joe1234567 the Tengu Summoner began the quest for the Orb.
     0 | D:1      | Reached XP level 1. HP: 10/10 MP: 4/4
   171 | D:1      | Reached skill level 5 in Summonings
   244 | D:1      | Slain by a giant cockroach

Illustrated notes

Levels and vault maps discovered:
D:1:      dpeg_arrival_three_smaller_balls, layout_basic

Skill      XL: |  1 |
---------------+----+-----
Summonings     | 5 |  5.1
Dodging        | |  2.2
Stealth        | |  2.0
Spellcasting   | |  2.1

Action                   || total
-------------------------++-------
Melee: Unarmed           ||    10
       Kick              ||     2
       Peck              ||     1
 Cast: Summon Small Mamm ||     2
Armor: Robe              ||     8
Dodge: Dodged            ||    25

Table legend: (Time is in decaauts)
 A = Elapsed time spent in this place.
 B = Non-inter-level travel time spent in this place.
 C = Inter-level travel time spent in this place.
 D = Time resting spent in this place.
 E = Time spent auto-exploring this place.
 F = Levels seen in this place.
 G = Mean time per level.
                   A        B        C        D        E       F      G
               +--------+--------+--------+--------+--------+-----+--------+
         Total |    244 |    244 |      0 |      0 |      0 |   1 |  244.0 |
       Dungeon |    244 |    244 |      0 |      0 |      0 |   1 |  244.0 |
               +--------+--------+--------+--------+--------+-----+--------+

Top non-repeatable levels by time:
     D:1: 244 daAuts
